[Event "Leca Open 2022"]
[Site "Leca da Palmeira"]
[Date "2022.08.02"]
[Round "4.14"]
[White "Pina, Tiago"]
[Black "Pena Duarte, Fabian Dario"]
[Result "1/2-1/2"]
[ECO "C00"]
[WhiteElo "1897"]
[BlackElo "2224"]
[Annotator "RC"]
[PlyCount "173"]
[EventDate "2022.08.02"]
[EventType "swiss"]
[EventCountry "POR"]
[SourceTitle "playchess.com"]
[Source "ChessBase"]
[SourceQuality "1"]
[TimeControl "5400+30"]

1. e4 e6 2. Qe2 Nc6 3. Nf3 e5 4. Nc3 Nf6 5. d3 Be7 6. Bg5 O-O 7. O-O-O Re8 8. Bxf6 Bxf6 9. Nd5 d6 10. h3 Be6 11. Kb1 a5 12. g4 Bxd5 13. exd5 Nb4 14. c4 c6 15. a3 Na6 16. h4 g6 17. g5 Bg7 18. Nd2 cxd5 19. cxd5 b5 20. Ne4 b4 21. a4 b3 22. Bg2 Qd7 23. Nc3 Nc5 24. Bh3 Qb7 25. Ne4 Nxe4 26. dxe4 h6 27. Rc1 hxg5 28. hxg5 Qe7 29. Qe3 Reb8 30. Rc4 Rb4 31. Rhc1 Rxc4 32. Rxc4 Rb8 33. Bf1 Bf8 34. Rc6 Rb4 35. Bb5 Qd8 36. Rc4 Rxc4 37. Bxc4 Be7 38. Qxb3 Bxg5 39. f3 Bd2 40. Bb5 Bb4 41. Qe3 Qh4 42. Ka2 Qh2 43. Be8 Kf8 44. Bb5 Kg7 45. Qe2 Qf4 46. Qg2 Qc1 47. Qe2 Kf6 48. Qh2 Kg7 49. Qe2 Bc5 50. Qf1 Qd2 51. Qe2 Qb4 52. Qc4 Qxc4+ 53. Bxc4 Kh6 54. Bb5 f5 55. Kb3 fxe4 56. fxe4 Bd4 57. Kc2 Kg5 58. Be8 Kh6 59. Bb5 Kg7 60. b3 Kf6 61. Kd2 Kg5 62. Be8 Kh6 63. Bb5 Kh5 64. Be8 Kg5 65. Ke2 Kf6 66. Kf3 Bc3 67. Bb5 Bd2 68. Be8 Bc1 69. Bb5 Ke7 70. Ke2 Kd8 71. Kd1 Bf4 72. Ke2 g5 73. Kf3 Kc7 74. Be8 Kb6 75. Kg4 Kc5 76. Kf5 Be3 77. Bh5 Kd4 78. Bf3 Bd2 79. Be2 Ke3 80. Bd1 Bc1 81. Bh5 Kd3 82. Bf3 Kc2 83. Be2 Kxb3 84. Bd1+ Kc3 85. Bh5 Kd4 86. Bd1 Ke3 87. Bg4 1/2-1/2

[Event "Leca Open 2022"]
[Site "Leca da Palmeira"]
[Date "2022.08.02"]
[Round "4.15"]
[White "Abdurramane, Danial Germano"]
[Black "Mahitosh Dey"]
[Result "0-1"]
[ECO "D05"]
[WhiteElo "1820"]
[BlackElo "2212"]
[Annotator "RC"]
[PlyCount "44"]
[EventDate "2022.08.02"]
[EventType "swiss"]
[EventCountry "POR"]
[SourceTitle "playchess.com"]
[Source "ChessBase"]
[SourceQuality "1"]
[TimeControl "5400+30"]

1. d4 d5 2. Nf3 Nf6 3. e3 e6 4. Bd3 c5 5. b3 Nc6 6. O-O Bd6 7. Bb2 O-O 8. Nbd2 b6 9. Ne5 Bb7 10. f4 Rc8 11. a3 Ne7 12. Qf3 Rc7 13. Ng4 Nxg4 14. Qxg4 f5 15. Qh3 g5 16. g4 gxf4 17. Rxf4 Bxf4 18. exf4 Ng6 19. Qe3 Qd6 20. Rf1 c4 21. bxc4 dxc4 22. Nxc4 Qd5 0-1

[Event "Leca Open 2022"]
[Site "Leca da Palmeira"]
[Date "2022.08.03"]
[Round "5.1"]
[White "Motylev, Alexander"]
[Black "Das, Sayantan"]
[Result "1/2-1/2"]
[ECO "B12"]
[WhiteElo "2632"]
[BlackElo "2449"]
[Annotator "TA"]
[PlyCount "137"]
[EventDate "2022.08.02"]
[EventType "swiss"]
[EventCountry "POR"]
[SourceTitle "playchess.com"]
[Source "ChessBase"]
[SourceQuality "1"]
[TimeControl "5400+30"]

1. e4 c6 2. d4 d5 3. e5 Bf5 4. c3 c5 5. Bb5+ Nd7 {[#]} (5... Bd7 $14 6. Bd3 Nc6) 6. Nf3 {B12: Caro-Kann: Advance Variation.} (6. dxc5 $1 $16 Qc7 7. b4 (7. Qxd5 O-O-O $14)) 6... e6 $11 7. O-O a6 8. Ba4 {[%emt 0:02:36] [#]} h6 $146 ({Predecessor:} 8... b5 9. Bc2 Bxc2 10. Qxc2 Rc8 11. Qd3 Ne7 12. Bg5 Qb6 13. a4 cxd4 14. cxd4 Nf5 15. axb5 axb5 {1-0 (40) Asplet,M (1530)-Winter,R Wellington 2016}) 9. Nbd2 Rc8 10. c4 Ne7 11. dxc5 Rxc5 12. b3 Bd3 13. Re1 b5 14. Re3 dxc4 15. bxc4 Bg6 16. Bb3 Nf5 17. Re1 Be7 (17... Rc8 $11) 18. Ne4 $14 Rc6 19. cxb5 axb5 20. Qe2 (20. g4 $5 Nh4 21. Nxh4 Bxe4 22. Rxe4 Bxh4 23. Be3 $14) 20... Qb8 $2 (20... O-O $11) 21. g4 $18 Nh4 22. Nxh4 Bxh4 23. Nd6+ Kf8 24. Bf4 (24. Nxb5 $6 Nc5 25. Ba3 Kg8 $14) 24... Kg8 25. Rac1 ({Much weaker is} 25. Qxb5 $6 Qxb5 26. Nxb5 Nc5 $11) (25. Nxb5 $6 Nc5 26. Nd4 Rc8 $14) (25. Rad1 $16) 25... Rxc1 $1 $14 26. Rxc1 Kh7 27. Qxb5 {[%emt 0:00:36] White is much more active.} (27. Rd1 $16) 27... Qxb5 $11 28. Nxb5 Rb8 29. Nd4 Bg5 30. Bxg5 hxg5 31. Nf3 $1 Kh6 $1 32. Rc7 Nb6 33. h4 gxh4 34. Nxh4 Nd5 (34... Be4 $16) 35. Rc4 (35. Bxd5 $18 exd5 36. Kh2) 35... Bb1 $14 36. f4 (36. Rc1 $5 Rb4 37. f3 $14 (37. Rxb1 Rxg4+ 38. Kh2 Rxh4+ 39. Kg3 Kg5 $11)) 36... g5 37. fxg5+ Kxg5 38. Nf3+ Kh6 39. Kh2 Ra8 (39... Bxa2 $5 40. Bxa2 (40. g5+ Kg6 $15) 40... Rb2+ 41. Kg3 Rxa2 $15) 40. a4 Rb8 41. Nd2 Ba2 {[%emt 0:00:18][%mdl 64] [#] Decoy} 42. Bxa2 Rb2 43. Kg3 Rxa2 $11 {[%emt 0:00:39][%mdl 4096] Endgame KRN-KRN} 44. Ne4 Ra3+ 45. Kf2 Ne3 46. g5+ Kg6 47. Rc3 (47. Rb4 $11) 47... Ng4+ $2 ({Better is} 47... Nd1+ $19 48. Kg2 Nxc3) 48. Kf3 $15 Rxa4 49. Rc5 $1 Nh2+ 50. Kf4 Nf1 {[%emt 0:00:20] Threatens to win with ...Nd2.} 51. Kf3 $1 Nh2+ 52. Kf4 Nf1 {[%emt 0:00:08] aiming for ...Nd2.} 53. Kf3 $1 Ra3+ 54. Kf4 Ne3 55. Nf6 (55. Rc8 $11 Nd5+ 56. Kg4) 55... Nf5 56. Ne4 Ra4 57. Rc3 Ne7 {[%emt 0:01:04] Hoping for ...Nd5+.} 58. Rb3 Nd5+ 59. Kf3 Ra1 60. Kf2 Ra2+ 61. Kf3 Ra1 62. Kf2 Ra7 63. Rf3 Ra4 64. Nd6 {[%emt 0:00:18] The position is equal.} Rf4 65. Kg3 Rxf3+ 66. Kxf3 Kxg5 67. Nxf7+ Kf5 68. Nd8 Kxe5 69. Nxe6 {[%emt 0:00:04] What a bad dream for Black.  Weighted Error Value: White=0.31/Black=0.27 (precise)} 1/2-1/2

[Event "Leca Open 2022"]
[Site "Leca da Palmeira"]
[Date "2022.08.02"]
[Round "5.2"]
[White "Buscara, Sevan"]
[Black "Martinez Duany, Lelys Stanley"]
[Result "0-1"]
[ECO "B30"]
[WhiteElo "2404"]
[BlackElo "2497"]
[Annotator "TA"]
[PlyCount "86"]
[EventDate "2022.08.02"]
[EventType "swiss"]
[EventCountry "POR"]
[SourceTitle "playchess.com"]
[Source "ChessBase"]
[SourceQuality "1"]
[TimeControl "5400+30"]

1. e4 c5 2. Nf3 Nc6 3. Bb5 e6 4. Bxc6 bxc6 5. d3 Ne7 6. Qe2 Ng6 7. h4 h5 {[%emt 0:05:44] B30: Sicilian: 2...Nc6 3 Bb5, lines without ...g6.} 8. e5 $1 f6 {[%emt 0:00:55] 8...f6 is better than 8...Be7.} 9. Nbd2 Qc7 {[%emt 0:01:05][%cal Rg6e5] White is better.} 10. Nc4 Ba6 11. Qe4 Kf7 12. Bf4 ({But not} 12. exf6 gxf6 13. Ncd2 d5 $17) 12... Bxc4 13. dxc4 {[%emt 0:01:00] [#]} Be7 $146 ({Predecessor:} 13... d5 14. exd6 Bxd6 15. Bxd6 Qxd6 16. Rd1 Qc7 17. O-O Rad8 18. g3 Rd7 19. Qe3 Rxd1 20. Rxd1 {½-½ (48) Motylev,A (2641)-Lautier,J (2658) Chess.com INT 2020}) 14. O-O-O Rab8 15. Rd3 Qb7 (15... f5 $16 16. Qe3 Qa5) 16. Rb3 (16. b3 $1 $18) 16... f5 $14 17. Rxb7 (17. Qe3 $14 Qa6 18. Bg5 Qxa2 19. Rd1) 17... fxe4 $15 18. Rxb8 Rxb8 19. Ng5+ Bxg5 20. Bxg5 Nxe5 {[%emt 0:01:42][%mdl 4096] Endgame KRB-KRN} 21. Bf4 Kf6 {[%emt 0:01:09] Black is more active.} 22. f3 ({White should try} 22. Bg5+ Kf5 23. Be7) 22... exf3 $17 23. Re1 {[%emt 0:02:40] [#]} (23. gxf3 $17 Rg8 24. Bxe5+ Kxe5 25. Kd2) 23... f2 (23... d6 $1 $19 24. Bxe5+ dxe5) 24. Rf1 {[%emt 0:03:32] [#]} (24. Bxe5+ $17 Kf5 25. Rf1 Kxe5 26. Rxf2) 24... Rf8 $1 $19 25. Rxf2 Kg6 26. b3 Ng4 27. Rf3 e5 28. Bg3 Rf6 29. Rd3 d6 30. Kb2 (30. Kd2 $142) 30... Kf5 31. Ka3 (31. Kc3 $142) 31... Ke4 32. Ka4 Ne3 33. Rd2 d5 34. Bf2 $2 (34. cxd5 cxd5 35. Kb5) 34... d4 {[%emt 0:00:22] Black is clearly winning.} 35. Ka5 {[%emt 0:00:10] [#]} Nxc2 $1 36. Rxc2 {[%emt 0:01:11] KRB-KR} (36. Ka6 Ne3) 36... Kd3 37. Rb2 Kc3 38. Re2 {[%emt 0:00:15] [#]} Rxf2 $1 39. Rxf2 d3 {[%emt 0:00:06] aiming for ...d2.} 40. Ka6 d2 41. Rf1 e4 42. Kxa7 e3 {[%emt 0:00:07] Strongly threatening ...e2.} 43. Rf3 Kd3 {[%emt 0:00:13] Quite a comeback for Black.  Weighted Error Value: White=0.87/Black=0.12 (very precise)} 0-1

[Event "Leca Open 2022"]
[Site "Leca da Palmeira"]
[Date "2022.08.02"]
[Round "5.3"]
[White "Spraggett, Kevin"]
[Black "Pierrot, Facundo"]
[Result "1/2-1/2"]
[ECO "A36"]
[WhiteElo "2487"]
[BlackElo "2371"]
[Annotator "RC"]
[PlyCount "20"]
[EventDate "2022.08.02"]
[EventType "swiss"]
[EventCountry "POR"]
[SourceTitle "playchess.com"]
[Source "ChessBase"]
[SourceQuality "1"]
[TimeControl "5400+30"]

1. c4 c5 2. g3 g6 3. Bg2 Bg7 4. Nc3 Nc6 5. e3 e6 6. Nge2 Nge7 7. d4 cxd4 8. exd4 d5 9. cxd5 Nxd5 10. Nxd5 exd5 1/2-1/2

[Event "Leca Open 2022"]
[Site "Leca da Palmeira"]
[Date "2022.08.03"]
[Round "5.4"]
[White "Stella, Andrea"]
[Black "Krishna C R G"]
[Result "0-1"]
[ECO "C02"]
[WhiteElo "2443"]
[BlackElo "2430"]
[Annotator "TA"]
[PlyCount "122"]
[EventDate "2022.08.02"]
[EventType "swiss"]
[EventCountry "POR"]
[SourceTitle "playchess.com"]
[Source "ChessBase"]
[SourceQuality "1"]
[TimeControl "5400+30"]

1. e4 e6 2. d4 d5 3. e5 c5 4. c3 Qb6 5. Nf3 Bd7 6. Be2 cxd4 7. cxd4 Bb5 8. Nc3 Bxe2 {C02: French: Advance Variation.} 9. Nxe2 Nc6 {9...Bb4+ is the modern continuation.} 10. O-O Nge7 {The position is equal.} 11. Ng3 g6 {[#]} 12. Rb1 $146 ({Predecessor:} 12. b3 Bg7 13. Bg5 h6 14. Be3 O-O 15. h4 Nf5 16. Nxf5 gxf5 17. Ne1 f4 18. Bxf4 Qxd4 {½-½ (27) Marrero Lopez,Y (2328)-Arribas Robaina,M (2300) Guayaquil 2011}) 12... a5 13. Be3 Bg7 14. Re1 O-O 15. Bg5 h6 16. Bf6 Rfe8 17. Bxg7 Kxg7 18. Qd2 Rec8 19. Qf4 Ng8 20. Qg4 (20. Red1 $14) 20... Kh7 (20... Nce7 $11) 21. h4 Nce7 22. Qf4 Kg7 23. Re3 Rc4 24. b3 Rac8 25. Rbe1 ({Don't play} 25. bxc4 Qxb1+ 26. Re1 Qxa2 $17) 25... R4c6 (25... Rc1 $15) 26. Kh2 (26. h5 {was preferrable.}) 26... Qb4 27. R1e2 Qa3 28. Qg4 Kh7 29. Qf4 Rf8 30. Rd3 Qc1 31. Rdd2 Kg7 32. Re1 Qa3 33. Qe3 (33. Ree2 $11) 33... Rfc8 $1 $15 34. Ree2 Rc3 35. Qf4 Qc1 36. Qg4 ({White should play} 36. Ng1 $15) 36... Kf8 (36... Rc2 $1 $17) 37. Re1 Qa3 {Hoping for ...Rc2.} 38. h5 g5 {[#]} (38... Rc2 $1 $15) 39. Re3 (39. Nxg5 $1 $11 {keeps the balance.} hxg5 40. Qxg5) 39... Kg7 (39... Rxe3 $17 40. fxe3 Qc1) 40. Rxc3 $11 Rxc3 41. Ne2 Rc6 42. Nxg5 $2 hxg5 $17 43. Qxg5+ Kh7 $1 44. Qf4 Nh6 45. g4 Rc8 46. f3 a4 47. Qe3 (47. bxa4 $17 Rc4 48. Kg2) 47... axb3 $19 48. axb3 Qa1 49. Qd3+ Kg7 {...Qe1 is the strong threat.} 50. Qe3 $2 {Now White is beyond hope.} (50. Rd1 $17 {was necessary.} Qa3 51. Kh3) 50... Qe1 51. Ra2 $2 {[#]} (51. Qf4 {was the only defense.}) 51... Qb1 (51... Nef5 $142 $1 52. Qg1 Qh4+ 53. Kg2 Nxg4 $1 54. fxg4 Kh7 $1 55. gxf5 Rg8+ 56. Kf1 Qh3+ 57. Ke1 Rxg1+ 58. Nxg1 Qxb3) 52. Rd2 Kh7 {And now ...Qe1 would win.} 53. Ng3 Qc1 {Threatens to win with ...Rc3.} 54. Ne2 {Inhibits Rc3.} (54. Qd3+ Kg7 55. Ne2 (55. Qe3 $2 Rc2 $19)) 54... Qe1 55. Ra2 Rg8 56. Qd3+ {[#]} Kh8 (56... Nef5 $142 $1 57. Nf4 Qg3+ 58. Kh1 Qxf4) 57. Ng3 {[#]} Nef5 $1 58. Rg2 Nxg3 59. Rxg3 {[#]} Nf5 $1 60. Rg2 Ne3 {( -> ...Ra8)} 61. Re2 Qh4+ {Weighted Error Value: White=0.66/Black=0.26 (precise)} 0-1

[Event "Leca Open 2022"]
[Site "Leca da Palmeira"]
[Date "2022.08.02"]
[Round "5.5"]
[White "Martins, Bruno Andre Leite"]
[Black "Abdisalimov, Abdimalik"]
[Result "0-1"]
[ECO "A45"]
[WhiteElo "2331"]
[BlackElo "2437"]
[Annotator "TA"]
[PlyCount "144"]
[EventDate "2022.08.02"]
[EventType "swiss"]
[EventCountry "POR"]
[SourceTitle "playchess.com"]
[Source "ChessBase"]
[SourceQuality "1"]
[TimeControl "5400+30"]

1. d4 Nf6 2. Bf4 e6 3. e3 d5 4. Nd2 c5 5. c3 Nc6 6. Ngf3 cxd4 {6...Nh5 is the recent fashion.} 7. exd4 {D02: 1 d4 d5 2 Nf3 sidelines, including 2...Nf6 3 g3 and 2...Nf6 3 Bf4.} Nh5 8. Be3 Bd6 9. Ne5 {[%emt 0:00:06] The position is equal.} g6 10. Nd3 f6 11. g3 e5 (11... O-O $11) 12. dxe5 fxe5 {[%emt 0:00:07] [#]} 13. c4 $146 ({Predecessor:} 13. Bg2 e4 14. Nc5 Nf6 15. O-O Qe7 16. Ncb3 Bg4 17. Qc2 O-O 18. Nd4 Rac8 19. h3 {0-1 (40) Ajay,K (2213)-Doshi,M (2343) Abu Dhabi 2019}) 13... Be6 14. Nc5 Bxc5 15. Bxc5 Qa5 16. b4 Nxb4 17. Bxb4 Qxb4 18. Rb1 Qc5 $36 {[%emt 0:07:52][%mdl 2048] aiming for ...0-0. Black fights for an advantage.} 19. Qa4+ (19. Bg2 {is interesting.} O-O 20. O-O Nf6 21. cxd5 Bxd5 22. Nb3) 19... Bd7 20. Qb4 Qxb4 21. Rxb4 Bc6 22. Bg2 Nf6 23. O-O O-O-O 24. Re1 Rhe8 25. cxd5 Nxd5 (25... Bxd5 $15 26. Bxd5 Rxd5) 26. Rc4 (26. Rh4 $11) 26... Kb8 $15 27. Nf3 Nb6 28. Rh4 (28. Rc2 $15 {was preferrable.}) 28... Bxf3 (28... e4 $17 29. Ng5 Rd2 30. Bxe4 Rxa2) 29. Bxf3 Re7 30. Rhe4 Rde8 31. Rb4 Rc8 32. Rbe4 Nd7 33. R1e2 Rce8 34. Rb4 Nc5 35. a4 e4 36. Bg2 e3 {[%emt 0:00:40] [#] Strongly threatening ...Nd3.} 37. fxe3 Rxe3 38. Rxe3 Rxe3 $17 {[%emt 0:00:01][%mdl 4096] Endgame KRB-KRN} 39. Rh4 h5 40. g4 ({White should play} 40. Kf2 $15 Ra3 41. Bd5) 40... Re1+ $19 (40... Nxa4 41. gxh5 gxh5 42. Rxa4 $16) 41. Bf1 Re4 ({Resist} 41... Nxa4 42. gxh5 gxh5 43. Rxa4 $16) 42. a5 Nd7 43. Bd3 Rd4 (43... Rxg4+ 44. Rxg4 hxg4 45. Bxg6 $11) 44. Be2 Nf6 45. a6 bxa6 ({Not} 45... Nxg4 46. h3 $17) ({Stronger than} 45... hxg4 46. Rh6 $17) 46. Rh3 Nxg4 47. Rb3+ (47. Ra3 $17) 47... Kc7 48. Ra3 Rd6 49. h3 (49. Bxa6 $17 Rd2 50. Bd3) 49... Ne5 50. Bxa6 Rd5 51. Kf2 Kb6 52. Be2 a5 53. Ke3 Nc6 54. Bd3 g5 55. Rb3+ Nb4 56. Be4 Rb5 57. Ra3 Rc5 58. Rb3 Kb5 {[%emt 0:00:08] And now ...a4 would win.} 59. Bg6 (59. Kd4 $142) 59... a4 60. Rb1 a3 61. Be8+ Ka5 {[%emt 0:00:02] ...Re5+ is the strong threat.} 62. Rb3 a2 (62... Nc2+ $142 63. Kd2 a2 64. Rc3 Rd5+ 65. Rd3 Nb4 66. Rxd5+ Nxd5 67. Kd3 a1=Q 68. Ke4 Nf6+ 69. Kf5 Nxe8 70. Ke4 Qe1+ 71. Kd5 Nf6+ 72. Kd6 Qe4 73. h4 gxh4 74. Kc7 Qe7+ 75. Kb8 Kb6 76. Kc8 Qf8#) 63. Ra3+ Kb6 64. Kd2 Rd5+ 65. Kc1 Rd3 66. Ra4 Rb3 67. Bg6 Rxh3 {[%emt 0:02:39] ( -> ...Rh1+)} 68. Kb2 {[%emt 0:00:28] [#]} Rh1 $1 {[%emt 0:01:28] Black mates.} 69. Bxh5 (69. Be8 Rb1+) 69... Rb1+ 70. Kc3 a1=Q+ 71. Rxa1 Rxa1 72. Kxb4 Rc1 {[%emt 0:00:20] Weighted Error Value: White=0.20 (precise) /Black=0.09 (flawless)} 0-1

[Event "Leca Open 2022"]
[Site "Leca da Palmeira"]
[Date "2022.08.02"]
[Round "5.6"]
[White "Nigmatov, Ortik"]
[Black "Prieto Martin, Alfonso"]
[Result "1-0"]
[ECO "B29"]
[WhiteElo "2437"]
[BlackElo "2264"]
[Annotator "TA"]
[PlyCount "93"]
[EventDate "2022.08.02"]
[EventType "swiss"]
[EventCountry "POR"]
[SourceTitle "playchess.com"]
[Source "ChessBase"]
[SourceQuality "1"]
[TimeControl "5400+30"]

1. e4 c5 2. Nf3 Nf6 3. e5 Nd5 4. Nc3 e6 5. Ne4 f5 6. Nc3 Nc6 {6...Ne7 is more advanced technology.} 7. Nxd5 exd5 8. d4 {B29: Sicilian: 2 Nf3 Nf6 (Nimzowitsch Variation).} d6 9. Bf4 cxd4 {[#] aiming for ...dxe5.} 10. a3 {[#]} ({Much worse is} 10. exd6 Bxd6 11. Bxd6 Qxd6 $11) (10. Qe2 $14) 10... Be7 $146 ({Predecessor:} 10... dxe5 11. Nxe5 g6 12. Qe2 Be7 13. Qb5 Qd6 14. Nxc6 Qxc6 15. Be5 O-O 16. O-O-O Bd7 {½-½ (50) Blauert,J (2015)-Hohlbein,M ICCF email 2016}) 11. Qd2 (11. exd6 {keeps more tension.} Bxd6 12. Qe2+ Kf7 13. Bxd6 Qxd6 14. O-O-O) 11... O-O 12. exd6 Bxd6 13. O-O-O a6 (13... Bc5 $14 {might be stronger.}) 14. Nxd4 $16 Nxd4 15. Qxd4 Be6 16. Bxd6 Qxd6 17. Bd3 Rae8 18. f4 Kh8 19. Rhe1 Bd7 20. Kb1 Qc6 21. c3 Qa4 22. Qf2 ({But not} 22. Qxd5 $6 Bc6 23. Qd6 Rd8 $11) 22... Rxe1 23. Rxe1 $40 {[%mdl 128] White attacks with force.} Re8 24. Rxe8+ Bxe8 {[%mdl 4096] Endgame KQB-KQB} 25. Bc2 {Prevents Qd1+.} (25. Bxf5 $142 {Black must now prevent Qh4.} g6 26. Bc2) 25... Qd7 26. Qe3 Kg8 27. h4 Bf7 28. Qe5 g6 29. a4 {Inhibits Qb5. White is more active.} (29. h5 {seems wilder.} gxh5 30. g3 Qe6 31. Qxe6 Bxe6 32. Bd1) 29... Qe8 $2 {[%mdl 8192] [#] Loses the game.} ({Black should play} 29... d4 $14) 30. Qxe8+ $1 $18 Bxe8 {KB-KB} 31. Bb3 Bc6 32. Kc2 Kf8 33. Kd3 d4 (33... a5 $142 34. Kd4 b6) 34. Kxd4 Bxg2 35. Ke5 Kg7 36. a5 Be4 37. Bd1 Kf7 38. b4 Bg2 39. Be2 Be4 40. c4 Ke7 41. b5 Bg2 42. bxa6 bxa6 43. c5 Bb7 44. Bc4 {Threatening mate with Bd5.} h6 45. Bd5 {White mates.} Bc8 46. c6 Kf8 47. Be6 {Weighted Error Value: White=0.13 (very precise) /Black=0.61} 1-0

[Event "Leca Open 2022"]
[Site "Leca da Palmeira"]
[Date "2022.08.02"]
[Round "5.7"]
[White "Perez Candelario, Manuel"]
[Black "Chua, Chee Sian Sebastien"]
[Result "1-0"]
[ECO "B12"]
[WhiteElo "2578"]
[BlackElo "2123"]
[Annotator "TA"]
[PlyCount "59"]
[EventDate "2022.08.02"]
[EventType "swiss"]
[EventCountry "POR"]
[SourceTitle "playchess.com"]
[Source "ChessBase"]
[SourceQuality "1"]
[TimeControl "5400+30"]

1. e4 c6 2. d4 d5 3. e5 Bf5 4. Nd2 e6 5. Nb3 Nd7 6. Nf3 Ne7 {B12: Caro-Kann: Advance Variation.} 7. Be2 h6 8. O-O g5 {The position is equal.} 9. a4 {seems to push 9.Ne1 aside.} Bg7 10. a5 Qc7 11. c3 f6 12. exf6 Bxf6 13. Ne1 O-O-O 14. Nd3 {[#]} h5 $146 ({Predecessor:} 14... Bxd3 15. Qxd3 e5 16. Bg4 Kb8 17. Ra4 Nc8 18. Bxd7 e4 19. Qd1 Rxd7 20. Nc5 Re7 {1-0 (37) Adams,M (2692)-Vogel,R (2459) Germany 2019}) 15. Ra4 {[%cal Ba1a4,Ba4b4,Bb4b5,Bb5c5][%mdl 32] Ndc5 is the strong threat.} Ng6 16. Ndc5 {aiming for Rb4.} Rh7 {This costs Black the game.} (16... Be7 $16) 17. Re1 e5 $2 {[#]} (17... Be7 18. Bd3 Bxc5) 18. Rb4 $1 $18 Nxc5 19. Nxc5 Qxa5 20. Qb3 b5 {[#]} (20... Rdd7 21. Nxd7 Rxd7 22. dxe5 Nxe5) 21. Bxb5 $1 cxb5 22. Rxb5 Qc7 23. Na6 Qd6 24. Rc5+ Kd7 25. Qb7+ Ke8 26. Qxh7 {[%cal Od4e5] And now dxe5! would win.} Qxa6 27. dxe5 Ne7 28. Qh6 Bg6 29. exf6 Qxf6 30. Bxg5 {Weighted Error Value: White=0.19 (very precise) /Black=0.79} 1-0

[Event "Leca Open 2022"]
[Site "Leca da Palmeira"]
[Date "2022.08.02"]
[Round "5.8"]
[White "Akhvlediani, Irakli"]
[Black "Akshit Kumar J"]
[Result "1-0"]
[ECO "A45"]
[WhiteElo "2429"]
[BlackElo "2103"]
[Annotator "TA"]
[PlyCount "83"]
[EventDate "2022.08.02"]
[EventType "swiss"]
[EventCountry "POR"]
[SourceTitle "playchess.com"]
[Source "ChessBase"]
[SourceQuality "1"]
[TimeControl "5400+30"]

1. d4 Nf6 2. Bf4 d5 3. e3 c5 4. Nf3 Nc6 5. Nbd2 cxd4 6. exd4 {D02: 1 d4 d5 2 Nf3 sidelines, including 2...Nf6 3 g3 and 2...Nf6 3 Bf4.} Bf5 7. c3 e6 8. Qb3 {The position is equal.} Bd6 {outshines the older 8...Qc8.} 9. Bxd6 Qxd6 10. Qxb7 O-O (10... Rb8 $142 11. Qa6 O-O) 11. Bb5 $11 {[%emt 0:03:35] [#]} Rfc8 $146 ({Predecessor:} 11... Ne7 12. Qa6 Qf4 13. g3 Qh6 14. Nh4 Be4 15. f3 Bc2 16. Rc1 Bf5 17. Ba4 Rab8 {1-0 (41) Romanov,E (2635)-Harutyunian,T (2452) Tbilisi 2016}) 12. Qa6 {[%emt 0:27:01][%cal Of3e5] [#] Threatens to win with Ne5!} (12. Ng5 Ne7 13. Qa6 Qf4 $17) 12... Qc7 {[%emt 0:14:46] Prevents Ne5. Black is on the road to losing.} ({Better is} 12... Ne8 $14) 13. Bxc6 Qxc6 14. Qxc6 Rxc6 15. Ne5 Rc7 16. f3 Rb8 17. O-O-O Nd7 18. Nxd7 Rxd7 19. Nb3 h5 20. Nc5 {Prevents Rdb7.} Re7 21. b4 h4 22. g4 Bg6 (22... hxg3 {was necessary.} 23. hxg3 g5) 23. Rhe1 $18 Rbe8 24. f4 f6 25. Re3 e5 26. fxe5 fxe5 27. Rxe5 Rxe5 28. dxe5 Rxe5 {[%mdl 4096] Endgame [#] KRB-KRN} 29. Kd2 {Against Re2+} h3 30. Rg1 Be4 31. Re1 Re8 32. Re3 Rf8 33. Nxe4 dxe4 34. Rxh3 {KR-KR} Rf2+ (34... Rd8+ $142 35. Ke2 Rc8) 35. Ke3 {White is clearly winning.} Rxa2 36. Kxe4 Rc2 37. Kd5 Rg2 38. Kc6 Rxg4 39. Kb7 Kf7 40. Kxa7 Ke6 41. Rd3 Rg2 42. h3 {Weighted Error Value: White=0.03 (flawless) /Black=0.32} (42. b5 $142 Ra2+ 43. Kb7) 1-0

[Event "Leca Open 2022"]
[Site "Leca da Palmeira"]
[Date "2022.08.03"]
[Round "5.9"]
[White "Pandey Srishti"]
[Black "Grieve, Harry"]
[Result "1-0"]
[ECO "D35"]
[WhiteElo "2101"]
[BlackElo "2390"]
[Annotator "TA"]
[PlyCount "85"]
[EventDate "2022.08.02"]
[EventType "swiss"]
[EventCountry "POR"]
[SourceTitle "playchess.com"]
[Source "ChessBase"]
[SourceQuality "1"]
[TimeControl "5400+30"]

1. d4 Nf6 2. c4 e6 3. Nc3 d5 4. cxd5 Nxd5 5. e4 Nxc3 6. bxc3 c5 7. Nf3 cxd4 8. cxd4 Bb4+ 9. Bd2 Bxd2+ 10. Qxd2 O-O 11. Be2 Nc6 12. O-O Qd6 13. Rfd1 {[%emt 0:11:19] D41: Queen's Gambit Declined: Semi-Tarrasch with 5 cxd5.} Rd8 14. Qe3 {[%emt 0:01:53] [#]} Ne7 $146 (14... h6 $11) ({Predecessor:} 14... Bd7 15. Rab1 b6 16. e5 Qe7 17. Ng5 Na5 18. Bd3 h6 19. Ne4 Bc6 20. Rbc1 Rac8 {1-0 (31) Ausmins,E (2335)-Guido,F (2354) Genova 2001}) 15. Rac1 ({White should play} 15. Ng5 $14) 15... b6 (15... Bd7 $11) 16. Ne5 Bb7 17. Bh5 (17. Nc4 $5 Qd7 18. Ne5 $14) 17... Ng6 18. Bxg6 hxg6 19. Nc4 Qe7 20. a3 b5 21. Na5 Rac8 22. Rb1 Ba8 23. f3 Rc2 24. Rxb5 Rdc8 25. Rc5 R8xc5 26. dxc5 Rxc5 27. Rd8+ Kh7 {[%emt 0:03:52][%cal Oc5b5] White must now prevent ...Rb5!} 28. Nb3 ({Of course not} 28. Rxa8 Rxa5 29. h3 Rxa3 $17) 28... Qxd8 29. Nxc5 $11 {[%emt 0:00:03][%mdl 4096] Endgame KQB-KQN} Bc6 30. h3 g5 31. e5 Kg6 32. Kh2 Qb6 33. Qd3+ Kh6 34. Qd4 Bd5 35. h4 Qd8 36. Nb7 Qe7 37. Nd6 {[%emt 0:00:28][%cal Od4d5] Hoping for Qxd5!} gxh4 $2 {[%emt 0:00:39][%mdl 8192] [#]} (37... Kh7 $1 $11) 38. Qxd5 $3 $18 exd5 39. Nf5+ Kg5 40. Nxe7 d4 41. Kg1 Kf4 42. Kf2 g6 $2 {[%emt 0:00:00] [#]} (42... g5 43. Nc6 d3) 43. Nxg6+ $1 {[%emt 0:00:22][%mdl 512] Weighted Error Value: White=0.07 (flawless) /Black=0.24 (precise)} 1-0